 Dungeon Crawl Stone Soup version 0.26-a0-639-g72c4674329 (webtiles) character file.

Game seed: 89605979629283212

358 Flugslaktarn the Skirmisher (level 6, -2/51 HPs)
             Began as a Formicid Fighter on Sept 21, 2020.
             Was an Initiate of Okawaru.
             Slain by an ice beast (8 damage)
             ... on level 7 of the Dungeon.
             The game lasted 00:00:59 (1995 turns).

Flugslaktarn the Skirmisher (Formicid Fighter)      Turns: 1995, Time: 00:01:00

Health: -2/51      AC:  7    Str: 23    XL:     6   Next: 97%
Magic:  6/6        EV:  8    Int:  7    God:    Okawaru [......]
Gold:   102        SH: 10    Dex: 10    Spells: 5/5 levels left

rFire    . . .     SeeInvis +   a - +0 war axe
rCold    . . .     Faith    .   c - +0 kite shield
rNeg     . . .     Spirit   .   b - +0 scale mail
rPois    .         Reflect  .   (helmet unavailable)
rElec    .         Harm     .   (no cloak)
rCorr    .         Rampage  .   (no gloves)
MR       .....                  (no boots)
Stlth    ..........             (no amulet)
HPRegen  0.17/turn              e - ring of teleportation (curse)
MPRegen  0.10/turn              (no ring)

@: no status effects
A: permanent stasis, dig shafts and tunnels, four strong arms, antennae 3
a: Dig, Shaft Self, Renounce Religion


You were on level 7 of the Dungeon.
You worshipped Okawaru.
Okawaru was noncommittal.
You visited 2 branches of the dungeon, and saw 6 of its levels.

You collected 102 gold pieces.

Inventory:

Hand Weapons
 a - a +0 war axe (weapon)
Missiles
 l - a throwing net (quivered)
Armour
 b - a +0 scale mail (worn)
 c - a +0 kite shield (worn)
Jewellery
 e - a cursed ring of teleportation (left hand)
   (You found it on level 1 of the Dungeon)
 i - a +6 ring of intelligence {unknown}
   (You found it on level 2 of the Dungeon)
Scrolls
 g - 2 scrolls of teleportation {unknown}
 h - 2 scrolls of remove curse {unknown}
 k - 2 scrolls of enchant armour {unknown}
Potions
 d - a potion of might
 f - 2 potions of lignification {unknown}
 j - 2 potions of mutation {unknown}


   Skills:
 * Level 5.2 Fighting
 * Level 4.3 Axes
 + Level 4.3 Armour
 + Level 4.8 Shields
 + Level 0.0 Invocations


You had 5 spell levels left.
You didn't know any spells.
Your spell library was empty.

Dungeon Overview and Level Annotations

Branches:
Dungeon (7/15)             Temple (1/1) D:7

Altars:
Ashenzari
Cheibriados
Dithmenos
Makhleb
Nemelex Xobeh
Okawaru
Ru
Sif Muna
Trog
Vehumet
Wu Jian
Xom
Zin
The Shining One


Innate Abilities, Weirdness & Mutations

You cannot be hasted, slowed, berserked, paralysed or teleported.
You can dig through walls and to a lower floor.
Your four strong arms can wield two-handed weapons with a shield.
You have a pair of large antennae on your head. (SInv)


Message History

The ice beast is almost dead.
You block the ice beast's attack.
You closely miss the ice beast.
The ice beast is almost dead.
The ice beast hits you. The ice beast freezes you!
You hit the ice beast but do no damage.
The ice beast is almost dead.
You block the ice beast's attack. x2
You closely miss the ice beast.
The ice beast is almost dead.
The ice beast hits you. The ice beast freezes you!
* * * LOW HITPOINT WARNING * * *
You are too injured to fight recklessly!
You are too injured to fight recklessly!
You hit the ice beast but do no damage.
The ice beast is almost dead.
The ice beast hits you.
* * * LOW HITPOINT WARNING * * *
The ice beast freezes you!
You die...

#.... #... #....
##...####...#+###
#.......#.......
............#
.....#....># {
#.........# ?.
#..#.#.##.#
...##@./....#.#
..?...Y.#.⌠.#...# .
..<...#.......#....#
....#...⌠.>.⌠..?#..#
......#.......#....#
##......#.⌠.#......#
#####..........##
##.#.#...###
#......##


You could see an ice beast.

Vanquished Creatures
  Edmund (D:4)
  2 howler monkeys
  A hound (D:4)
  A bullfrog skeleton (D:4)
  A worker ant (D:3)
  3 gnolls (D:4)
  2 adders
  A shadow imp (Temple)
  A worm (D:2)
  2 dart slugs (D:1)
  5 orcs (D:3)
  2 giant cockroaches
  6 goblins
  3 hobgoblins
  2 kobolds (D:1)
  A quokka (D:4)
  A frilled lizard (D:1)
  A quokka skeleton (D:4)
  2 rats (D:3)
38 creatures vanquished.

Notes
Turn   | Place    | Note
-------+----------+-------------------------------------------
     0 | D:1      | Flugslaktarn the Formicid Fighter began the quest for the
                  | Orb.
     0 | D:1      | Reached XP level 1. HP: 18/18 MP: 1/1
    35 | D:1      | Reached XP level 2. HP: 21/24 MP: 2/2
   330 | D:2      | Reached XP level 3. HP: 23/30 MP: 3/3
   758 | D:4      | Reached skill level 4 in Fighting
   758 | D:4      | Reached XP level 4. HP: 37/37 MP: 4/4
   775 | D:3      | Reached XP level 5. HP: 5/42 MP: 5/5
  1373 | D:4      | Reached XP level 6. HP: 32/49 MP: 6/6
  1441 | D:4      | Noticed Edmund
  1465 | D:4      | Killed Edmund
  1465 | D:4      | Reached skill level 5 in Fighting
  1689 | D:4      | You fall into a shaft and drop 3 floors!
  1690 | D:7      | Found a staircase to the Ecumenical Temple.
  1699 | Temple   | Entered the Ecumenical Temple
  1955 | Temple   | Became a worshipper of Warmaster Okawaru
  1982 | D:7      | Noticed an ice beast
  1995 | D:7      | Slain by an ice beast

Illustrated notes

Levels and vault maps discovered:
D:1:      shiori_arrival_oz, layout_basic, minmay_hexomino_p4
D:2:      layout_basic, dancing_weapons_uskayaw, fedhas_altar_4
D:3:      layout_basic, minmay_misc_feat_more_columns
D:4:      layout_gridville, nicolae_ossuary_entry_ruins, uniq_edmund
D:7:      layout_basic, minmay_temple_entry_sparse_star,
          hangedman_decor_slide_cut, grunt_tough_drop, uniq_joseph
Temple:   minmay_temple_curvy_branch

Skill      XL: |  1  2  3  4  5  6 |
---------------+-------------------+-----
Shields        | 4 |  4.8
Fighting       | 4 5 |  5.2
Axes           | 3 4 |  4.3
Armour         | 4 |  4.3

Action                   |  1- 3 |  4- 6 || total
-------------------------+-------+-------++-------
Melee: War axe           |    58 |    84 ||   142
  Use: Potion            |       |     1 ||     1
Armor: Scale mail        |    18 |    19 ||    37
Dodge: Dodged            |    24 |    38 ||    62
Block: Kite shield       |    32 |    59 ||    91

Table legend: (Time is in decaauts)
 A = Elapsed time spent in this place.
 B = Non-inter-level travel time spent in this place.
 C = Inter-level travel time spent in this place.
 D = Time resting spent in this place.
 E = Time spent auto-exploring this place.
 F = Levels seen in this place.
 G = Mean time per level.
                   A        B        C        D        E       F      G
               +--------+--------+--------+--------+--------+-----+--------+
         Total |   2053 |   1969 |     84 |    843 |    797 |   6 |  342.2 |
       Dungeon |   1769 |   1733 |     36 |    843 |    572 |   5 |  353.8 |
        Temple |    283 |    235 |     48 |      0 |    225 |   1 |  283.0 |
               +--------+--------+--------+--------+--------+-----+--------+

Top non-repeatable levels by time:
     D:3: 952 daAuts
     D:1: 331 daAuts
  Temple: 283 daAuts
     D:4: 282 daAuts
     D:2: 177 daAuts
     D:7: 27 daAuts
